 Dungeon Crawl Stone Soup version 0.13-a0-2244-g236abbe (webtiles) character file.

315 JacquesDerrida the Slasher (level 4, 0/36 HPs)
             Began as a Demonspawn Gladiator on July 5, 2013.
             Was an Initiate of Okawaru.
             Slain by an orc
             ... wielding a +0,+1 orcish trident
              (8 damage)
             ... on Level 4 of the Dungeon.
             The game lasted 00:04:36 (2539 turns).

JacquesDerrida the Slasher (Demonspawn Gladiator)   Turns: 2539, Time: 00:04:36

HP   0/36        AC  8     Str 16      XL: 4   Next: 67%
MP   3/3         EV 12     Int 10      God: Okawaru [......]
Gold 201         SH  0     Dex 13      Spells:  0 memorised,  3 levels left

Res.Fire  : . . .   See Invis. : .   g - +0 falchion
Res.Cold  : . . .   Warding    : .   b - +0 leather armour
Life Prot.: . . .   Conserve   : .   (no shield)
Res.Poison: .       Res.Corr.  : .   c - +0 helmet
Res.Elec. : .       Clarity    : +   (no cloak)
Sust.Abil.: . .     Spirit.Shd : .   m - +0 pair of gloves
Res.Mut.  : .       Stasis     : .   h - +1 pair of dwarf boots
Res.Rott. : .       Flight     : .   q - amulet of clarity {unknown}
Saprovore : . . .                    (no ring)
                                     (no ring)

@: mildly poisoned, slightly resistant to hostile enchantments, very unstealthy
A: powered by death 1, AC +1
a: Renounce Religion


You were on level 4 of the Dungeon.
You worshipped Okawaru.
Okawaru was noncommittal.
You were very hungry.

You visited 1 branch of the dungeon, and saw 4 of its levels.

You collected 181 gold pieces.

Inventory:

Hand weapons
 a - a +0,+0 falchion
 g - a +0,+0 falchion (weapon)
Missiles
 d - 4 throwing nets
 k - 7 javelins (quivered)
Armour
 b - a +0 leather armour (worn)
 c - a +0 helmet (worn)
 h - a +1 pair of dwarven boots (worn)
 m - a +0 pair of gloves (worn)
Magical devices
 w - a wand of lightning (7)
Comestibles
 f - a bread ration
 v - 2 chunks of hobgoblin flesh
Scrolls
 i - a scroll of enchant weapon II {unknown}
 l - a scroll of blinking {unknown}
 o - 2 scrolls of fog {unknown}
 p - 2 scrolls of identify
 r - a scroll of noise {unknown}
 s - 2 scrolls of remove curse
 t - a scroll of teleportation {unknown}
 u - a scroll of curse jewellery {unknown}
 x - a scroll of enchant armour {unknown}
 y - a scroll of amnesia {unknown}
Jewellery
 n - an uncursed ring of ice
 q - an amulet of clarity (around neck) {unknown}
Potions
 e - a potion of mutation {unknown}
 j - a potion of heal wounds {unknown}
 z - a potion of confusion {unknown}
 A - a potion of berserk rage {unknown}


   Skills:
 - Level 2.0 Fighting
 + Level 5.0 Long Blades
 - Level 1.7 Throwing
 - Level 2.6 Dodging


You had 3 spell levels left.
You didn't know any spells.

Dungeon Overview and Level Annotations

Branches:
Dungeon (4/27)
 Temple: D:4-7

Altars:
Fedhas
Makhleb
Okawaru


Innate Abilities, Weirdness & Mutations

You are partially covered in rugged brown scales (AC +1, +3% HP).
You can steal the life force of nearby defeated enemies.


Message History

Something smites you!
The orc wizard casts a spell.
The orc wizard blinks!
An ooze comes into view.
You feel sick.
The ooze quivers.
The orc wizard gestures at you while chanting.
The magic dart hits you!
You feel sick. The giant gecko bites you.
The orc priest invokes the aid of Beogh against you.
You resist.
The orc hits you from afar with an orcish trident.
* * * LOW HITPOINT WARNING * * *
The giant gecko barely misses you.
There is a stone staircase leading up here.
You feel less regenerative.
* * * LOW HITPOINT WARNING * * *
You feel sick.
The orc hits you from afar with an orcish trident!
You die...

#..)..)........
##.....)........
#...............
#....).........
#..............
#..............
##.............
#.....l.........
#...o.o@J.......
##...o(o........
#..............
#..............
...............
......[.......
............
........# ...


You could see an ooze, an orc priest, 2 orc wizards, an orc and a giant gecko.

Vanquished Creatures
  A scorpion (D:4)
  An orc wizard (D:3)
  A worm (D:2)
  2 giant geckos
  5 orcs
  5 bats
  7 hobgoblins
  7 kobolds
  A quokka (D:2)
  A ball python (D:1)
  2 giant cockroaches
  4 giant newts
  4 goblins
  7 jackals (D:3)
  7 rats
55 creatures vanquished.

Vanquished Creatures (others)
  A giant newt (D:1)
1 creature vanquished.

Grand Total: 56 creatures vanquished

Notes
Turn   | Place    | Note
--------------------------------------------------------------
     0 | D:1      | JacquesDerrida, the Demonspawn Gladiator, began the quest for the Orb.
     0 | D:1      | Reached XP level 1. HP: 17/17 MP: 0/0
   119 | D:1      | Found an iron altar of Okawaru.
   139 | D:1      | Became a worshipper of Warmaster Okawaru
   255 | D:1      | Reached skill level 3 in Long Blades
   283 | D:1      | Gained mutation: You can steal the life force of nearby defeated enemies. [demonic ancestry]
   283 | D:1      | Reached XP level 2. HP: 20/23 MP: 1/1
   922 | D:2      | Gained mutation: You are partially covered in rugged brown scales (AC +1, +3% HP). [demonic ancestry]
   922 | D:2      | Reached XP level 3. HP: 23/28 MP: 2/2
  1501 | D:3      | Reached skill level 4 in Long Blades
  1517 | D:3      | Found a blossoming altar of Fedhas.
  1941 | D:3      | Reached XP level 4. HP: 11/36 MP: 3/3
  2089 | D:3      | Found a burning altar of Makhleb.
  2522 | D:4      | Reached skill level 5 in Long Blades
  2539 | D:4      | Slain by an orc

Action                   |  1- 3 |  4- 6 || total
-------------------------+-------+-------++-------
Melee: Falchion          |   151 |    34 ||   185
Throw: Javelin           |       |     4 ||     4
Evoke: Wand              |     1 |       ||     1
  Use: Scroll            |       |     2 ||     2
